AoeStats
← Pwncakes

Black Forest

506923006Analyzed
4v4 RM · 18d ago on Sep 15, 2026· 69m 57s· 8 players
Game mode
Random Map
Map size
Large (8 player)
Population
200
Speed
Normal
Resources
Standard
Victory
Conquest
Starting age
Dark Age
Ending age
Imperial Age
RankedLock teamsTeams togetherTeam positionsShared explorationLock speedFull tech treeHidden civsTurbo modeCheats
Victory
Defeat
🇨🇳 Bengalis · China
1298
+14
🇺🇸 Muisca · United States
1294
+14
🇨🇦 Bohemians · Canada
1277
+15
🇫🇮 Berbers · Finland
1262
+17
🇩🇪 Poles · Germany
1306
-16
1274
-16
🇩🇪 Persians · Germany
1255
-15
🇩🇪 Britons · Germany
1202
-13
MrDumpem
5:39 Loom
10:55 Feudal Age
11:37 Double-Bit Axe
15:30 Castle Age
13:20 Horse Collar
16:35 Bow Saw
21:24 Heavy Plow
23:21 Wheelbarrow
25:27 Hand Cart
28:18 Imperial Age
25:21 Pikeman
27:48 Fervor
28:59 Chemistry
27:44 Treadmill Crane
29:30 Conscription
29:14 Scale Mail Armor
29:25 Forging
28:40 Halberdier
29:21 Squires
29:07 Arson
30:15 Caravan
30:28 Guilds
31:57 Two-Man Saw
31:17 Chain Mail Armor
31:38 Iron Casting
31:39 Houfnice
34:09 Siege Engineers
34:37 Plate Mail Armor
35:08 Blast Furnace
Pwncakes
5:02 Loom
12:07 Feudal Age
12:44 Double-Bit Axe
13:40 Fishing Lines
16:48 Castle Age
15:29 Fishing Lines
18:18 Bow Saw
19:34 Gillnets
19:51 Horse Collar
22:33 Wheelbarrow
22:09 Gold Mining
22:30 Heavy Plow
23:49 Fervor
24:49 Hand Cart
30:52 Imperial Age
29:13 Gold Shaft Mining
28:32 Stone Mining
28:45 Scale Mail Armor
29:34 Town Watch
30:31 Chain Mail Armor
30:26 Forging
30:56 Sanctity
30:47 Redemption
32:23 Stone Shaft Mining
32:19 Crop Rotation
32:49 Two-Man Saw
32:36 Plate Mail Armor
32:41 Iron Casting
32:56 Block Printing
33:17 Theocracy
33:12 Illumination
32:49 Elite Temple Guard
33:30 Squires
33:20 Onager
34:26 Squires
35:14 Coinage
36:08 Banking
41:18 Siege Onager
43:22 Siege Engineers
44:18 Chemistry
43:40 Ballistics
43:02 Treadmill Crane
43:32 Masonry
44:17 Conscription
43:22 Elite Guecha Warrior
44:22 Siege Onager
49:38 Hoardings
50:52 Fletching
51:02 Padded Archer Armor
51:34 Bodkin Arrow
57:02 Bracer
57:18 Leather Archer Armor
小明
0:31 Loom
12:02 Feudal Age
18:27 Castle Age
18:05 Stone Mining
18:06 Double-Bit Axe
18:05 Horse Collar
28:43 Wheelbarrow
29:27 Fortified Wall
29:17 Gold Mining
29:45 Town Watch
34:23 Imperial Age
32:16 Ballistics
32:11 Masonry
32:20 Paiks
32:58 Gold Shaft Mining
33:29 Bow Saw
33:31 Heavy Plow
33:44 Fletching
33:54 Padded Archer Armor
34:57 Bodkin Arrow
35:18 Bloodlines
35:08 Husbandry
35:30 Caravan
35:49 Elite Elephant Archer
36:52 Conscription
37:48 Chemistry
40:19 Bracer
40:35 Leather Archer Armor
41:40 Two-Man Saw
41:23 Crop Rotation
42:32 Architecture
42:36 Ring Archer Armor
42:37 Elite Skirmisher
61:01 Elite Genitour
Sunday x Junior
1:11 Loom
12:17 Feudal Age
13:03 Double-Bit Axe
16:38 Castle Age
15:29 Fishing Lines
17:44 Bow Saw
18:49 Gillnets
20:30 Fletching
22:52 Gold Mining
23:12 Horse Collar
24:04 Bloodlines
25:08 Heavy Plow
25:41 Husbandry
30:27 Imperial Age
28:24 Ballistics
28:09 Kasbah
28:06 Stone Mining
29:08 Wheelbarrow
28:41 Town Watch
29:10 Bodkin Arrow
29:16 Padded Archer Armor
30:06 Thumb Ring
31:14 Bracer
32:16 Chemistry
31:21 Maghrebi Camels
31:51 Leather Archer Armor
31:43 Scale Barding Armor
31:49 Forging
33:24 Conscription
33:54 Coinage
33:52 Hand Cart
34:11 Ring Archer Armor
34:02 Chain Barding Armor
33:05 Heavy Camel Rider
34:13 Elite Camel Archer
35:39 Iron Casting
38:08 Plate Barding Armor
37:07 Light Cavalry
38:57 Caravan
39:53 Guilds
42:49 Banking
43:17 Hussar
44:06 Siege Engineers
44:11 Masonry
47:51 Blast Furnace
63:31 Crop Rotation
Agent
9:04 Loom
12:04 Feudal Age
15:53 Castle Age
14:07 Double-Bit Axe
17:27 Wheelbarrow
18:45 Horse Collar
20:57 Bow Saw
24:39 Hand Cart
25:34 Stone Mining
26:07 Heavy Plow
32:23 Imperial Age
32:00 Stone Shaft Mining
31:58 Gold Mining
32:35 Scale Barding Armor
32:41 Forging
33:43 Chain Barding Armor
34:08 Elite War Elephant
34:56 Husbandry
35:06 Bloodlines
35:47 Conscription
36:12 Plate Barding Armor
36:56 Iron Casting
36:45 Town Watch
37:35 Town Patrol
39:02 Chemistry
38:23 Ballistics
39:17 Blast Furnace
41:57 Gold Shaft Mining
42:37 Hoardings
42:20 Masonry
42:19 Kamandaran
43:14 Fletching
44:03 Bodkin Arrow
45:11 Architecture
45:15 Elite Skirmisher
47:01 Crossbowman
47:49 Thumb Ring
47:58 Citadels
48:22 Padded Archer Armor
56:42 Caravan
59:24 Leather Archer Armor
62:48 Light Cavalry
63:43 Hussar
66:31 Ring Archer Armor
66:24 Pikeman
67:04 Squires
67:24 Scale Mail Armor
67:00 Halberdier
IchBinNedDerDracheVerdammteAggsd
11:06 Feudal Age
9:55 Loom
15:15 Castle Age
13:38 Double-Bit Axe
15:59 Wheelbarrow
15:09 Horse Collar
22:37 Bow Saw
23:33 Heavy Plow
24:59 Hand Cart
24:39 Gold Mining
24:46 Stone Mining
26:43 Stone Shaft Mining
30:37 Imperial Age
27:53 Town Watch
30:24 Padded Archer Armor
30:31 Scale Barding Armor
30:37 Forging
31:39 Ballistics
31:32 Masonry
31:41 Leather Archer Armor
32:28 Conscription
31:35 Elite Conquistador
32:42 Town Patrol
33:46 Chemistry
32:58 Masonry
32:45 Murder Holes
33:01 Fortified Wall
34:11 Two-Man Saw
34:20 Hoardings
34:48 Ring Archer Armor
34:29 Husbandry
34:48 Bloodlines
36:08 Chain Barding Armor
36:31 Iron Casting
40:39 Caravan
59:56 Coinage
59:37 Guilds
Ace
0:45 Loom
11:30 Feudal Age
15:19 Castle Age
14:54 Double-Bit Axe
14:57 Horse Collar
17:06 Bow Saw
17:47 Heavy Plow
27:20 Fortified Wall
28:55 Wheelbarrow
32:13 Imperial Age
30:28 Hand Cart
30:32 Padded Archer Armor
30:22 Fletching
31:11 Ballistics
32:03 Leather Archer Armor
31:43 Bodkin Arrow
33:19 Conscription
33:23 Yeomen
33:06 Gold Mining
33:07 Stone Mining
33:52 Bodkin Arrow
34:39 Ring Archer Armor
34:31 Guilds
35:15 Elite Longbowman
36:09 Bracer
37:26 Hoardings
37:42 Gold Shaft Mining
45:26 Chemistry
47:18 Caravan
53:32 Elite Skirmisher
56:47 Pikeman
57:28 Squires
59:03 Light Cavalry
59:44 Husbandry
kampflaus
12:14 Feudal Age
13:41 Loom
16:52 Castle Age
14:52 Horse Collar
16:27 Double-Bit Axe
18:07 Bow Saw
21:04 Heavy Plow
22:32 Wheelbarrow
22:43 Gold Mining
25:43 Hand Cart
25:35 Stone Mining
31:19 Imperial Age
29:31 Scale Barding Armor
29:37 Forging
29:18 Town Watch
30:43 Stone Shaft Mining
30:26 Masonry
30:55 Chain Barding Armor
30:57 Szlachta Privileges
31:34 Bloodlines
31:27 Husbandry
31:26 Cavalier
32:42 Iron Casting
32:32 Conscription
33:48 Crop Rotation
34:26 Blast Furnace
33:35 Light Cavalry
34:56 Lechitic Legacy
35:50 Town Patrol
35:54 Winged Hussar
37:41 Hoardings
51:53 Fletching
63:36 Elite Obuch
64:22 Scale Mail Armor
65:41 Chain Mail Armor
69:23 Squires
70:20 Plate Mail Armor
Connection lost

Rejoining the realm…

Still unreachable

The connection could not be restored.

Session expired

The server has moved on; the page needs a fresh start.